 Dungeon Crawl Stone Soup version 0.28-a0-1184-g53156a8862 (webtiles) character file.

Game seed: 6830250157197525253

88 frimble the Cutter (level 4, -2/33 HPs)
             Began as a Demonspawn Warper on Dec 18, 2021.
             Slain by an orc (4 damage)
             ... on level 3 of the Dungeon.
             The game lasted 00:02:57 (2187 turns).

frimble the Cutter (Demonspawn Warper)              Turns: 2187, Time: 00:02:57

Health: -2/33      AC:  6    Str: 13    XL:     4   Next: 29%
Magic:  7/7        EV: 11    Int: 21    God:
Gold:   58         SH:  0    Dex: 12    Spells: 5/7 levels left

rFire   . . .      SeeInvis .   k - +2 dagger (speed)
rCold   . . .      Faith    .   (no shield)
rNeg    . . .      Spirit   .   b - +0 leather armour
rPois   .          Reflect  .   (no helmet)
rElec   .          Harm     .   e - +2 cloak
rCorr   .          Rampage  .   (no gloves)
Will    .....                   (no boots)
Stlth   +.........              (no amulet)
HPRegen 0.11/turn               l - +6 ring of intelligence
MPRegen 0.10/turn               (no ring)

@: hasted, very quick
A: powered by death 2, weakness stinger 1
a: no special abilities


You were on level 3 of the Dungeon.
You visited 1 branch of the dungeon, and saw 3 of its levels.

You collected 58 gold pieces.

Inventory:

Hand Weapons
 a - a +0 falchion
 k - a +2 dagger of speed (weapon)
Missiles
 d - 5 boomerangs of dispersal (quivered)
Armour
 b - a +0 leather armour (worn)
 e - a +2 cloak (worn)
Jewellery
 g - the amulet of Eguschocwi {RegenMP rC++ Will+ Str-5 Dex+4}
   (You acquired it on level 3 of the Dungeon)

   [amulet of magic regeneration]

   It increases your rate of magic regeneration.
   Str:       It affects your strength (-5).
   Dex:       It affects your dexterity (+4).
   rC:        It greatly protects you from cold.
   Will:      It increases your willpower.
 l - a +6 ring of intelligence (left hand)
Scrolls
 c - a scroll of blinking
 f - a scroll of enchant armour
 i - 3 scrolls of identify
Potions
 m - 2 potions of cancellation


   Skills:
 - Level 2.0 Fighting
 + Level 3.0(3.5) Short Blades
 - Level 2.7(3.3) Long Blades
 - Level 0.8 Throwing
 - Level 0.8 Armour
 - Level 1.7 Dodging
 - Level 2.0 Spellcasting
 - Level 2.6 Translocations


You had 5 spell levels left.
You knew the following spells:

 Your Spells              Type           Power      Damage    Failure   Level
a - Blink                 Tloc           26%        N/A       10%         2

Your spell library contained the following spells:

 Spells                   Type           Power      Damage    Failure   Level
 Shock                    Conj/Air       8%         1d3       19%         1
 Gell's Gravitas          Tloc           13%        N/A       19%         3
 Lesser Beckoning         Tloc           13%        N/A       19%         3
 Teleport Other           Tloc           13%        N/A       19%         3
 Swiftness                Air            2%         N/A       50%         3
 Manifold Assault         Tloc           13%        N/A       86%         5
 Airstrike                Air            1%         N/A       88%         4


Dungeon Overview and Level Annotations

Branches:
Dungeon (3/15)

Altars:
Elyvilon

Shops:
D:1 *


Innate Abilities, Weirdness & Mutations

You regenerate health from kills.
You have a small tail.


Message History

The orc barely misses your bat. The orc misses your bat.
The orc hits your bat with a +0 club.
Your bat hits the orc. Your bat hits the orc.
The orc completely misses your bat.
Your bat closely misses the orc.
You hit the orc.
You kill the orc!
Your Short Blades skill increases to level 3!
You barely miss the orc.
The orc is moderately wounded.
Your bat hits the orc. You hit the orc but do no damage.
You tail-slap the orc, but do no damage.
The orc is heavily wounded.
The orc closely misses you.
You hit the orc but do no damage.
The orc is heavily wounded.
Your bat hits the orc but does no damage.
The orc priest mumbles some strange prayers to Beogh against you.
Beogh smites you!
You are too injured to fight recklessly!
You are too injured to fight recklessly!
You are too injured to fight recklessly!
You are too injured to fight recklessly!
You are too injured to fight recklessly!
You are too injured to fight recklessly!
You are too injured to fight recklessly!
You are too injured to fight recklessly!
Your bat dissolves into shadows!
The orc barely misses you. The orc completely misses you.
You closely miss the orc.
The orc is moderately wounded.
The orc hits you with a +0 mace.
The orc priest calls down the wrath of Beogh upon you.
Beogh smites you!
* * * LOW HITPOINT WARNING * * *
You feel yourself speed up. The orc hits you with a +0 mace.
You die...

### ... ... ... #.# #o# #.#
#o# #.######o# #..@oo.#S#
#.####.####.#.##########
#.##......####.#.##.......#
#....####S#....o.##.#####.#.
#..........##.####.#####.#.
##..##.#.####.# #..........
# #.#... ..# #..#####.##
##.##########.)#####.# #...#
####...........#


You could see an orc priest and an orc.

Vanquished Creatures
  2 adders (D:2)
  3 worms (D:2)
  A dart slug (D:2)
  4 orcs
  7 bats
  5 endoplasms
  A giant cockroach (D:2)
  3 goblins
  5 hobgoblins
  A quokka (D:3)
  8 ball pythons
  4 frilled lizards
  6 kobolds
  4 rats
54 creatures vanquished.

Notes
Turn   | Place    | Note
-------+----------+-------------------------------------------
     0 | D:1      | frimble the Demonspawn Warper began the quest for the Orb.
     0 | D:1      | Reached XP level 1. HP: 16/16 MP: 3/3
   369 | D:1      | Gained mutation: You regenerate a little health from kills.
                  | [demonic ancestry]
   369 | D:1      | Reached XP level 2. HP: 18/22 MP: 5/5
   428 | D:1      | Found Gupliec's Assorted Antiques.
   882 | D:2      | Reached skill level 1 in Short Blades
  1124 | D:2      | Gained mutation: You have a small tail. [demonic ancestry]
  1124 | D:2      | Reached XP level 3. HP: 13/27 MP: 6/6
  1380 | D:2      | Reached skill level 2 in Short Blades
  1694 | D:2      | Learned a level 2 spell: Blink
  1765 | D:2      | Gained mutation: You regenerate health from kills. [demonic
                  | ancestry]
  1765 | D:2      | Reached XP level 4. HP: 33/33 MP: 7/7
  2127 | D:3      | Identified a scroll of acquirement
  2127 | D:3      | Acquired the amulet of Eguschocwi {RegenMP rC++ Will+ Str-5
                  | Dex+4}
  2176 | D:3      | Reached skill level 3 in Short Blades
  2187 | D:3      | Slain by an orc

Illustrated notes

Levels and vault maps discovered:
D:1:      dpeg_arrival_tiny_b, layout_rooms, serial_shops,
          nicolae_shop_temple_entry_statues_fountains
D:2:      kennysheep_big_flooded_room, layout_basic
D:3:      layout_loops_cross, nicolae_overflow_hidden_temple,
          mainiacjoe_overflow_concentric_impassable

Skill      XL: |  1  2  3  4 |
---------------+-------------+-----
Long Blades    | 2 |  2.7
Short Blades   | 1 2 3 |  3.0
Fighting       | |  2.0
Throwing       | |  0.8
Armour         | |  0.8
Dodging        | |  1.7
Spellcasting   | |  2.0
Translocations | |  2.6

Action                   |  1- 3 |  4- 6 || total
-------------------------+-------+-------++-------
Melee: Falchion          |    51 |       ||    51
       Dagger            |    87 |    45 ||   132
       Tailslap          |     8 |     5 ||    13
 Cast: Blink             |       |     1 ||     1
  Use: Scroll            |     5 |     3 ||     8
       Potion            |       |     1 ||     1
 Stab: Sleeping          |     1 |       ||     1
Armor: Leather armour    |    53 |     7 ||    60
Dodge: Dodged            |   105 |    15 ||   120

Table legend: (Time is in decaauts)
 A = Elapsed time spent in this place.
 B = Non-inter-level travel time spent in this place.
 C = Inter-level travel time spent in this place.
 D = Time resting spent in this place.
 E = Time spent auto-exploring this place.
 F = Levels seen in this place.
 G = Mean time per level.
                   A        B        C        D        E       F      G
               +--------+--------+--------+--------+--------+-----+--------+
         Total |   2139 |   2065 |     74 |    138 |   1548 |   3 |  713.0 |
       Dungeon |   2139 |   2065 |     74 |    138 |   1548 |   3 |  713.0 |
               +--------+--------+--------+--------+--------+-----+--------+

Top non-repeatable levels by time:
     D:2: 1116 daAuts
     D:1: 829 daAuts
     D:3: 193 daAuts
